AoeStats
← THIAGO

Arabia

510236271Analyzed
4v4 RM · 1d ago on Sep 30, 2026· 46m 18s· 8 players
Game mode
Random Map
Map size
Large (8 player)
Population
200
Speed
Normal
Resources
Standard
Victory
Conquest
Starting age
Dark Age
Ending age
Imperial Age
RankedLock teamsTeams togetherTeam positionsShared explorationLock speedFull tech treeHidden civsTurbo modeCheats
Victory
Defeat
🇺🇸 Maya · United States
807
+15
🇺🇸 Ethiopians · United States
791
+15
🇺🇸 Japanese · United States
768
+16
🇺🇸 Turks · United States
752
+17
🇧🇷 Franks · Brazil
824
-17
🇧🇷 Lithuanians · Brazil
824
-18
🇧🇷 Spanish · Brazil
737
-14
🇧🇷 Burgundians · Brazil
725
-14
THIAGO
7:35 Loom
10:10 Feudal Age
20:51 Castle Age
23:05 Pikeman
30:16 Gold Mining
30:42 Double-Bit Axe
37:51 Gold Shaft Mining
37:44 Stone Mining
38:09 Scale Barding Armor
38:23 Bow Saw
41:58 Wheelbarrow
44:56 Chain Barding Armor
44:47 Forging
joselitopereirajr
11:27 Feudal Age
15:28 Castle Age
19:09 Wheelbarrow
18:17 Horse Collar
18:27 Double-Bit Axe
21:55 Scale Barding Armor
22:20 Forging
24:01 Chain Barding Armor
24:17 Iron Casting
26:49 Husbandry
27:00 Bloodlines
27:56 Heavy Plow
33:05 Imperial Age
34:14 Conscription
33:15 Elite Leitis
34:36 Plate Barding Armor
42:14 Bow Saw
42:24 Hand Cart
Rênio Figueirêdo
13:09 Feudal Age
21:13 Castle Age
19:03 Loom
21:26 Arson
22:35 Horse Collar
23:33 Double-Bit Axe
25:31 Bow Saw
25:40 Squires
28:08 Elite Skirmisher
31:02 Fletching
32:14 Padded Archer Armor
32:37 Pikeman
34:04 Heavy Plow
40:53 Leather Archer Armor
40:35 Bodkin Arrow
41:06 Forging
41:29 Caravan
45:57 Husbandry
Que vc se lasque
7:51 Loom
11:11 Feudal Age
11:40 Double-Bit Axe
11:35 Man-at-Arms
17:34 Horse Collar
19:18 Scale Mail Armor
19:28 Forging
20:12 Heavy Plow
20:24 Bow Saw
25:46 Castle Age
24:06 Scale Barding Armor
24:04 Gold Mining
25:29 Stone Mining
31:16 Gold Shaft Mining
32:59 Two-Man Saw
31:24 Cavalier
32:24 Elite Skirmisher
36:51 Fletching
37:03 Padded Archer Armor
41:01 Wheelbarrow
47:08 Imperial Age
45:41 Chain Barding Armor
darkwolf
7:45 Loom
10:59 Feudal Age
9:15 Loom
20:37 Fletching
25:10 Castle Age
22:59 Double-Bit Axe
26:04 Squires
26:04 Bodkin Arrow
26:12 Scale Mail Armor
26:23 Forging
26:53 Horse Collar
26:45 Crossbowman
28:25 Wheelbarrow
28:37 Bow Saw
30:37 Man-at-Arms
31:03 Arson
33:48 Padded Archer Armor
34:18 Chain Mail Armor
37:17 Hand Cart
41:56 Ballistics
43:49 Leather Archer Armor
44:10 Iron Casting
47:12 Imperial Age
kingfisher1108
11:07 Feudal Age
11:30 Man-at-Arms
27:46 Castle Age
29:28 Pikeman
30:25 Crossbowman
40:40 Double-Bit Axe
.RamroD.
0:34 Loom
11:11 Feudal Age
11:51 Double-Bit Axe
18:39 Castle Age
19:37 Fletching
19:48 Padded Archer Armor
20:40 Crossbowman
21:26 Thumb Ring
21:35 Gold Mining
25:28 Stone Mining
26:28 Bow Saw
29:55 Pikeman
30:36 Squires
31:05 Bodkin Arrow
31:25 Leather Archer Armor
31:23 Forging
31:13 Scale Mail Armor
32:03 Ballistics
39:02 Imperial Age
36:39 Horse Collar
40:50 Stone Shaft Mining
40:50 Arbalester
42:34 Halberdier
44:37 Arson
vickshick
8:23 Loom
10:25 Feudal Age
15:20 Castle Age
13:09 Horse Collar
14:32 Double-Bit Axe
17:53 Bloodlines
21:15 Forging
23:58 Wheelbarrow
26:20 Hand Cart
25:51 Town Watch
26:04 Gold Mining
35:01 Imperial Age
33:26 Husbandry
34:03 Iron Casting
33:34 Scale Barding Armor
33:19 Fletching
36:14 Ballistics
37:06 Conscription
36:49 Artillery
39:31 Hoardings
Connection lost

Rejoining the realm…

Still unreachable

The connection could not be restored.

Session expired

The server has moved on; the page needs a fresh start.